 Dungeon Crawl Stone Soup version 0.31-a0-204-g7da18cac08 (webtiles) character file.

Game seed: 10166579418649052854

82 qw the Shooter (level 4, 0/25 HPs)
             Began as a Deep Elf Hunter on June 27, 2023.
             Succumbed to an adder's poison
             ... on level 2 of the Dungeon.
             The game lasted 00:00:28 (1062 turns).

qw the Shooter (Deep Elf Hunter)                    Turns: 1062, Time: 00:00:28

Health: 0/25       AC:  3    Str: 10    XL:     4   Next: 21%
Magic:  6/6        EV: 12    Int: 14    God:
Gold:   95         SH:  0    Dex: 18    Spells: 3/3 levels left

rFire   . . .        Y - +0 shortbow
rCold   . . .        (shield currently unavailable)
rNeg    . . .        c - +0 leather armour
rPois   .            (no helmet)
rElec   .            (no cloak)
rCorr   .            (no gloves)
SInv    .            (no boots)
Will    .....        (no amulet)
Stlth   ++           (no ring)
HPRegen 0.24/turn    (no ring)
MPRegen 0.10/turn

%: no passive effects
@: lethally poisoned (0 -> -1)
A: no striking features
a: no special abilities


You were on level 2 of the Dungeon.
You visited 1 branch of the dungeon, and saw 2 of its levels.

You collected 95 gold pieces.


   Skills:
 - Level 1.5 Fighting
 + Level 7.6 Ranged Weapons
 - Level 2.4 Dodging
 - Level 1.2 Stealth


You had 3 spell levels left.
You didn't know any spells.
Your spell library was empty.

Inventory:

Hand Weapons
 Y - a +0 shortbow (weapon)
Armour
 a - a +1 helmet
 b - a +0 ring mail
 c - a +0 leather armour (worn)
Jewellery
 f - a ring of fire
Potions
 d - a potion of heal wounds
 h - a potion of resistance {unknown}
 i - a potion of curing {unknown}

Dungeon Overview and Level Annotations

Branches:
Dungeon (2/15)

Altars:


Message History

You shoot an arrow. The arrow hits the adder.
The adder is heavily wounded.
You feel sick. The adder bites you.
You are more poisoned.
The adder poisons you!
You shoot an arrow. The arrow hits the adder.
The adder is severely wounded.
You feel sick. The adder barely misses you. The adder bites you.
You are more poisoned.
The adder poisons you!
You shoot an arrow. The arrow barely misses the adder.
The arrow hits the endoplasm.
The endoplasm is moderately wounded.
You feel very sick. The adder closely misses you.
You shoot an arrow. The arrow closely misses the adder.
The arrow hits the endoplasm.
The endoplasm is almost dead.
You feel sick. The adder bites you.
You are lethally poisoned!
The adder poisons you!
You shoot an arrow. The arrow hits the adder!
You kill the adder!
You feel very sick.
You shoot an arrow. The arrow barely misses the endoplasm.
You feel very sick. The endoplasm closely misses you.
You shoot an arrow. The arrow hits the endoplasm.
You kill the endoplasm!
You feel sick.
There is a lethal amount of poison in your body!
You feel sick.
There is a lethal amount of poison in your body!
You feel sick.
There is a lethal amount of poison in your body!
You feel sick.
There is a lethal amount of poison in your body!
You feel sick.
There is a lethal amount of poison in your body!
You die...

#.##.# #.# ..# #.##.#
#.# ..# #.##.# #.##
#...####..#.###.##
#.#...............
#.#######.#.###.## #.#
#.#.###.##
###.###.#######.#.......
.......@........#..##.##
###.###.#########..##.##
#.. ..........## ##..
###....#.## ...
#....#.## .... #....#.##
......# #...[####
#.########))..#...
#..#....##....#.##


There were no monsters in sight!

Vanquished Creatures
  A gnoll (D:1)
  3 adders (D:2)
  3 orcs (D:2)
  5 ball pythons
  3 endoplasms
  8 goblins
  2 hobgoblins (D:2)
  4 jackals (D:1)
  3 kobolds
  4 bats
  5 rats
41 creatures vanquished.

Notes
Turn   | Place    | Note
-------+----------+-------------------------------------------
     0 | D:1      | qw the Deep Elf Hunter began the quest for the Orb.
     0 | D:1      | Reached XP level 1. HP: 12/12 MP: 3/3
     0 | D:1      | 0 ||| qw: Version: 0.3-a-22-g0ed2b0b
     0 | D:1      | 0 ||| qw: Game counter: 6455
     0 | D:1      | 0 ||| qw: Melee chars always use a shield: true
     0 | D:1      | 0 ||| qw: God list: Okawaru
     0 | D:1      | 0 ||| qw: Allow faded altars: false
     0 | D:1      | 0 ||| qw: Do Orc after clearing Dungeon:15 true
     0 | D:1      | 0 ||| qw: Do second Lair branch before Depths: true
     0 | D:1      | 0 ||| qw: Lair rune preference: random
     0 | D:1      | 0 ||| qw: Goals: Normal
     0 | D:1      | 0 ||| PLANNING D:1-11
    62 | D:1      | HP: 3/12 [jackal (2)]
   122 | D:1      | Reached skill level 6 in Ranged Weapons
   122 | D:1      | Reached XP level 2. HP: 16/16 MP: 4/4
   284 | D:1      | Reached XP level 3. HP: 20/20 MP: 5/5
   591 | D:1      | 591 ||| DROPPING ring of flight.
   592 | D:1      | 592 ||| READING scroll labelled FUIXTO YSOFAU.
   593 | D:1      | 593 ||| DRINKING 2 fizzy dark potions.
   594 | D:1      | 594 ||| DROPPING scroll of butterflies.
   681 | D:2      | Reached skill level 7 in Ranged Weapons
   783 | D:2      | HP: 4/20 [orc/+0 flail (6)]
   784 | D:2      | 784 ||| DRINKING potion of heal wounds.
   786 | D:2      | Reached XP level 4. HP: 18/25 MP: 6/6
  1057 | D:2      | HP: 5/25 [poisoned by an adder]
  1060 | D:2      | HP: 2/25 [poisoned by an adder]
  1062 | D:2      | Succumbed to an adder's poison

Levels and vault maps discovered:
D:1:      sevenhm_arrival_forest_fort_small_5, layout_rooms
D:2:      layout_basic

Skill      XL: |  1  2  3 |
---------------+----------+-----
Ranged Weapons | 6 7 |  7.6
Fighting       | |  1.5
Dodging        | |  2.4
Stealth        | |  1.2

Action                     |  1- 3 |  4- 6 || total
---------------------------+-------+-------++-------
   Fire: Shortbow          |    96 |    21 ||   117
    Use: Potion            |     2 |       ||     2
         Scroll            |     1 |       ||     1
 Armour: Leather armour    |     8 |       ||     8
  Dodge: Dodged            |    35 |     8 ||    43

Table legend:
 A = Non-vault XP
 B = Vault XP
 C = Vault XP percentage of total XP
 D = Non-vault monster count
 E = Vault monster count
 F = Vault count percentage of total count
                 A         B        C        D         E       F
            +---------+---------+-------+---------+---------+-------
      Total |     118 |       0 |   0.0 |      41 |       0 |   0.0
            +---------+---------+-------+---------+---------+-------
        D:1 |      49 |       0 |   0.0 |      23 |       0 |   0.0
        D:2 |      69 |       0 |   0.0 |      18 |       0 |   0.0
            +---------+---------+-------+---------+---------+-------
